 Dungeon Crawl Stone Soup version 0.17.1-1-g73c8601 (webtiles) character file.

105 abixa the Slasher (level 4, -3/36 HPs)
             Began as a Demigod Skald on Jan 8, 2016.
             Slain by Sigmund the wolf (5 damage)
             ... on level 2 of the Dungeon.
             The game lasted 00:08:38 (2332 turns).

abixa the Slasher (Demigod Skald)                   Turns: 2332, Time: 00:08:38

Health: -3/36      AC:  6    Str: 15    XL:     4   Next: 29%
Magic:  9/9        EV: 11    Int: 18    God:
Gold:   90         SH:  0    Dex: 15    Spells: 3 memorised, 1 level left

rFire  . . .     SeeInvis .     a - +0 falchion
rCold  . . .     Clarity  .     s - +0 ring mail
rNeg   . . .     SustAt   +     (no shield)
rPois  .         Gourm    .     (no helmet)
rElec  .         Spirit   .     w - +0 cloak
rCorr  .         Warding  .     (no gloves)
rMut   .         Stasis   .     (no boots)
MR     .....                    (no amulet)
Stlth  +.........               (no ring)
                                (no ring)

@: not resistant to hostile enchantments, very unstealthy
A: high mp 1, sustain attributes
a: no special abilities


You were on level 2 of the Dungeon.
You were hungry.

You visited 1 branch of the dungeon, and saw 3 of its levels.

You collected 90 gold pieces.

Inventory:

Hand Weapons
 a - a +0 falchion (weapon)
 e - a +0 spear
Missiles
 i - a stone (quivered)
 p - 11 bolts of frost
Armour
 b - a +0 leather armour
 s - a +0 ring mail (worn)
 w - a +0 cloak (worn)
Wands
 x - a wand of polymorph (7)
 y - a wand of fireball (7)
Scrolls
 h - a scroll of enchant armour {unknown}
 j - 3 scrolls of blinking {unknown}
 l - 3 scrolls of magic mapping {unknown}
 o - 3 scrolls of identify {unknown}
 q - a scroll of fog {unknown}
 t - 3 scrolls of teleportation {unknown}
Potions
 f - a potion of invisibility {unknown}
 g - 2 potions of agility {unknown}
 n - a potion of lignification {unknown}
 r - 2 potions of haste {unknown}
 u - a potion of curing {unknown}
 v - a potion of magic {unknown}
Books
 c - a book of Battle

   Spells                             Type                      Level
   a - Infusion                       Charms                       1
   b - Shroud of Golubria             Charms/Translocation         2
   c - Song of Slaying                Charms                       2
   d - Spectral Weapon                Hexes/Charms                 3
   e - Regeneration                   Charms/Necromancy            3
Comestibles
 d - a bread ration
 k - a beef jerky
 m - 2 meat rations


   Skills:
 - Level 1.7 Fighting
 + Level 3.7 Long Blades
 + Level 1.6 Armour
 + Level 1.6 Dodging
 - Level 1.7 Spellcasting
 - Level 2.6 Charms


You had one spell level left.
You knew the following spells:

 Your Spells              Type           Power        Failure   Level  Hunger
a - Infusion              Chrm           ##....       14%         1    #......
b - Song of Slaying       Chrm           ##......     21%         2    ###....
c - Shroud of Golubria    Chrm/Tloc      #.........   34%         2    ###....


Dungeon Overview and Level Annotations

Branches:
Dungeon (3/15)

Annotations:
D:1 !disint
D:2 Sigmund


Innate Abilities, Weirdness & Mutations

You have an increased reservoir of magic (+10% MP).
Your attributes are resistant to harm.


Message History

The orc priest casts a cantrip, but nothing happens.
The orc wizard casts a cantrip, but nothing happens.
The orc priest invokes the aid of Beogh against you.
Something smites you!
* * * LOW HITPOINT WARNING * * *
Sigmund bites you.
* * * LOW HITPOINT WARNING * * *
Sigmund barely misses you.
The orc wizard points at you and mumbles some strange words.
The puff of flame hits you!
* * * LOW HITPOINT WARNING * * *
The orc priest looks braver for a moment.
Sigmund pauses to sniff the ground.
Sigmund stops to sniff the ground.
Sigmund bites you but does no damage.
The orc priest looks braver for a moment.
Sigmund bites you.
* * * LOW HITPOINT WARNING * * *
Sigmund barely misses you. Sigmund bites you.
You die...

#......##.....### ##### ####
##....#####.....######...#
#...
##..######..##........#.####..
#.......#..##........#....#..
#######..#.....<..@...###...#
######.##.#........## ###..
#...##.#....#..###.######.#
#...##.....##....#........#
#...##.#.@#####..#####.#...
#..[.....h## #....##..####
#...##.#..o## ##...#..## #
#...#..##...# #.....#### #
#...#.####[o####.#......###
####...#.####.......#.........
#.............###............<
#..######.........#...........
#.....#.......#####...........


You could see Sigmund the wolf and 2 orc wizards.

Vanquished Creatures
  Natasha (twice) (D:2)
  An adder (D:2)
  A gnoll (D:1)
  An ooze (D:1)
  2 worms (D:2)
  A giant gecko (D:2)
  5 bats
  2 giant cockroaches (D:1)
  4 goblins
  6 hobgoblins
  6 kobolds
  A ball python (D:1)
  3 giant newts
  6 rats
41 creatures vanquished.

Notes
Turn   | Place    | Note
--------------------------------------------------------------
     0 | D:1      | abixa the Demigod Skald began the quest for the Orb.
     0 | D:1      | Reached XP level 1. HP: 17/17 MP: 5/5
   163 | D:1      | Reached XP level 2. HP: 24/24 MP: 2/7
   449 | D:1      | Reached skill level 3 in Long Blades
   829 | D:1      | Reached XP level 3. HP: 26/29 MP: 4/8
   918 | D:2      | Noticed Natasha
  1041 | D:2      | Noticed Sigmund
  1138 | D:2      | Learned a level 2 spell: Song of Slaying
  1141 | D:2      | Learned a level 2 spell: Shroud of Golubria
  1195 | D:2      | Killed Natasha
  1195 | D:2      | Reached skill level 1 in Armour
  1195 | D:2      | Reached skill level 1 in Dodging
  1735 | D:2      | Noticed Natasha
  1795 | D:2      | Killed Natasha
  1795 | D:2      | Reached XP level 4. HP: 26/36 MP: 5/9
  2024 | D:1      | You fall through a shaft!
  2316 | D:2      | Noticed Sigmund
  2316 | D:2      | Sigmund changed into Sigmund the wolf
  2332 | D:2      | Slain by Sigmund the wolf

Action                   |  1- 3 |  4- 6 || total
-------------------------+-------+-------++-------
Melee: Falchion          |   107 |    27 ||   134
Throw: Stone             |     2 |       ||     2
 Cast: Infusion          |    11 |     3 ||    14
Evoke: Wand              |       |     2 ||     2
  Eat: Chunk             |     3 |     1 ||     4
